 Dungeon Crawl Stone Soup version 0.31-a0-486-g8d68a81214 (webtiles) character file.

Game seed: 7998491649934368607

83 AstroCodex24 the Covered (level 4, 0/38 HPs)
             Began as a Demigod Fighter on Aug 7, 2023.
             Slain by a gnoll
             ... wielding a +0 whip
              (3 damage)
             ... on level 3 of the Dungeon.
             The game lasted 00:03:10 (642 turns).

AstroCodex24 the Covered (Demigod Fighter)           Turns: 642, Time: 00:03:11

Health: 0/38       AC:  6    Str: 21    XL:     4   Next: 2%
Magic:  6/6        EV:  9    Int: 10    God:
Gold:   105        SH:  4    Dex: 13    Spells: 3/3 levels left

rFire   . . .        g - +6 whip of Recklessness {chaos, Contam Fly rPois Stlth+}
rCold   . . .        c - +0 buckler
rNeg    . . .        b - +0 scale mail
rPois   +            (no helmet)
rElec   .            (no cloak)
rCorr   .            (no gloves)
SInv    .            (no boots)
Will    .....        (no amulet)
Stlth   +            (no ring)
HPRegen 0.26/turn    (no ring)
MPRegen 0.10/turn

%: no passive effects
@: flying
A: high MP 1, forlorn, divine attributes
a: no special abilities


You were on level 3 of the Dungeon.
You visited 1 branch of the dungeon, and saw 3 of its levels.

You collected 105 gold pieces.

Inventory:

Hand Weapons
 a - a +0 war axe
 g - the +6 whip of Recklessness (weapon) {chaos, Contam Fly rPois Stlth+}
   (You found it on level 2 of the Dungeon)

   rPois:     It protects you from poison.
   Fly:       It grants you flight.
   Contam:    It causes magical contamination when unequipped.
   Stlth:     It makes you more stealthy.
Armour
 b - a +0 scale mail (worn)
 c - a +0 buckler (worn)
 j - a +0 cloak
Jewellery
 k - a ring of magical power
Scrolls
 e - 3 scrolls of teleportation {unknown}
 f - a scroll of amnesia {unknown}
 h - a scroll of fear {unknown}
Potions
 d - a potion of might
 i - a potion of lignification {unknown}


   Skills:
 + Level 3.0 Fighting
 + Level 2.8 Axes
 + Level 0.3(1.7) Maces & Flails
 + Level 3.3 Armour
 + Level 0.4 Dodging
 + Level 3.0 Shields


You had 3 spell levels left.
You didn't know any spells.
Your spell library contained the following spells:

 Spells                   Type           Power      Damage    Failure   Level
 Slow                     Hex            0%         N/A       77%         1
 Lesser Beckoning         Tloc           0%         N/A       88%         2
 Confusing Touch          Hex            0%         N/A       98%         3
 Gell's Gravitas          Tloc           0%         N/A       98%         3
 Teleport Other           Tloc           0%         N/A       98%         3
 Vampiric Draining        Necr           0%         2d6       98%         3


Dungeon Overview and Level Annotations

Branches:
Dungeon (3/15)


Innate Abilities, Weirdness & Mutations

You have an increased reservoir of magic. (+10% MP)
You shall have no god before yourself.
Your divine heritage dramatically boosts your attributes as you level up.


Message History

The dart slug launches a dart at you. The slug dart hits you.
The gnoll moves out of view.
A goblin comes into view. It is wielding a +0 dagger of speed.
The goblin shouts!
You hear a shout!
An orc comes into view. It is wielding a +0 dagger.
You hear a shout! 2 gnolls come into view.
You hit the goblin.
You kill the goblin!
You hit the dart slug. You burn the dart slug.
The dart slug is severely wounded.
You whack the dart slug! You burn the dart slug.
You kill the dart slug!
The gnoll hits you but does no damage.
Your Shields skill increases to level 3!
You have reached level 4!
You whack the orc!
You kill the orc!
The gnoll hits you from afar with a +0 spear.
The gnoll hits you from afar with a +0 halberd.
You barely miss the gnoll. You block the gnoll's attack.
The gnoll hits you from afar with a +0 halberd!
Found a scroll labelled ERONTYDUWN.
The gnoll hits you with a +0 whip. The gnoll hits you with a +0 spear!
* * * LOW HITPOINT WARNING * * *
You block the gnoll's attack.
Items here: )) †††.
You barely miss the gnoll. The gnoll misses you.
The gnoll hits you with a +0 halberd.
* * * LOW HITPOINT WARNING * * *
The gnoll hits you with a +0 spear.
* * * LOW HITPOINT WARNING * * *
You whack the gnoll! You burn the gnoll.
The gnoll is severely wounded.
The gnoll barely misses you. You block the gnoll's attack.
The gnoll closely misses you.
You whack the gnoll! You burn the gnoll.
You kill the gnoll!
The gnoll hits you but does no damage. The gnoll hits you with a +0 whip.
You die...

........# #.#####...
#?......## #.#
.###........ #.#
....#......^# #.#
..#.........# #.#
...#.......# #.#
####..#.......# ###
#.#####.....#.[g)...#
#.. .............#
#@####### #.#
.#.##...###.####Zg......
#.#
...##............#######
#.# #####.#.......##.#
####.######.#
###....##.##...
.............
##....#.##..##
.##...<.####
##.....##... ##....#
##....###.## #.###.#
##...# .# ... $#


You could see 2 gnolls and a friendly frilled lizard zombie.

Vanquished Creatures
  A gnoll (D:3)
  4 adders
  3 worms
  A dart slug (D:3)
  2 orcs (D:3)
  A ball python (D:3)
  5 endoplasms
  3 giant cockroaches
  2 hobgoblins
  4 kobolds
  2 quokkas (D:3)
  2 bats (D:3)
  2 frilled lizards
  3 goblins
  2 rats
37 creatures vanquished.

Notes
Turn   | Place    | Note
-------+----------+-------------------------------------------
     0 | D:1      | AstroCodex24 the Demigod Fighter began the quest for the
                  | Orb.
     0 | D:1      | Reached XP level 1. HP: 18/18 MP: 3/3
   135 | D:2      | Reached XP level 2. HP: 20/25 MP: 4/4
   141 | D:2      | Identified the +6 whip of Recklessness {chaos, Contam Fly
                  | rPois Stlth+}
   265 | D:2      | Reached XP level 3. HP: 26/30 MP: 5/5
   637 | D:3      | Reached XP level 4. HP: 38/38 MP: 6/6
   642 | D:3      | Slain by a gnoll

Illustrated notes

Levels and vault maps discovered:
D:1:      orjb1_lava_funnel, layout_loops_ring
D:2:      layout_basic, basic_altar
D:3:      layout_loops_ring, lemuel_crystal_altar,
          dreamdust_ecumenical_altar_angels_and_demons, nrook_mini_backslash,
          minmay_circle_x

Skill      XL: |  1  2  3 |
---------------+----------+-----
Axes           | 2 |  2.8
Armour         | 3 |  3.3
Fighting       | 3 |  3.0
Shields        | 3 |  3.0
Maces & Flails | |  0.3
Dodging        | |  0.4

Action                     |  1- 3 |  4- 6 || total
---------------------------+-------+-------++-------
  Melee: War axe           |    30 |       ||    30
         Whip              |    53 |     5 ||    58
 Armour: Scale mail        |    47 |     1 ||    48
  Dodge: Dodged            |    28 |     3 ||    31
  Block: Buckler           |    24 |     3 ||    27

Table legend: (Time is in decaauts)
 A = Elapsed time spent in this place.
 B = Non-inter-level travel time spent in this place.
 C = Inter-level travel time spent in this place.
 D = Time resting spent in this place.
 E = Time spent auto-exploring this place.
 F = Levels seen in this place.
 G = Mean time per level.
                   A        B        C        D        E       F      G
               +--------+--------+--------+--------+--------+-----+--------+
         Total |    657 |    649 |      8 |      0 |      0 |   3 |  219.0 |
       Dungeon |    657 |    649 |      8 |      0 |      0 |   3 |  219.0 |
               +--------+--------+--------+--------+--------+-----+--------+

Top non-repeatable levels by time:
     D:3: 323 daAuts
     D:2: 205 daAuts
     D:1: 127 daAuts
